AoeStats
← jordanm708

Arena

509648855Analyzed
4v4 RM · 3d ago on Sep 27, 2026· 130m 37s· 8 players
Game mode
Random Map
Map size
Large (8 player)
Population
200
Speed
Normal
Resources
Standard
Victory
Conquest
Starting age
Dark Age
Ending age
Imperial Age
RankedLock teamsTeams togetherTeam positionsShared explorationLock speedFull tech treeHidden civsTurbo modeCheats
Victory
Defeat
🇦🇺 Japanese · Australia
600
+10
🇫🇷 Tatars · France
534
+12
🇧🇷 Britons · Brazil
518
+13
🇺🇸 Franks · United States
389
+18
🇬🇧 Khmer · United Kingdom
512
-16
🇳🇴 Shu · Norway
440
-13
🇺🇸 Goths · United States
427
-12
🇵🇹 Persians · Portugal
417
-12
LL KID CASH LL
0:39 Loom
12:32 Feudal Age
13:08 Double-Bit Axe
13:12 Town Watch
14:04 Wheelbarrow
13:34 Horse Collar
16:13 Gold Mining
16:38 Stone Mining
29:03 Castle Age
28:20 Bloodlines
29:09 Fletching
29:30 Forging
29:26 Scale Mail Armor
29:39 Padded Archer Armor
31:52 Bow Saw
32:10 Caravan
32:23 Heavy Plow
32:52 Fervor
33:16 Hand Cart
34:25 Coinage
34:05 Arson
36:25 Stone Shaft Mining
36:44 Gold Shaft Mining
36:30 Herbal Medicine
36:39 Guard Tower
37:31 Fortified Wall
36:57 Elite Skirmisher
37:52 Husbandry
37:36 Light Cavalry
38:37 Leather Archer Armor
38:36 Scale Barding Armor
39:40 Crossbowman
40:46 Bodkin Arrow
41:59 Chain Barding Armor
42:03 Town Patrol
43:58 Iron Casting
43:40 Chain Mail Armor
44:23 Tusk Swords
49:28 Pikeman
56:36 Imperial Age
56:58 Sanctity
57:25 Double Crossbow
58:02 Hoardings
57:57 Hussar
58:30 Elite Ballista Elephant
59:04 Halberdier
60:25 Crop Rotation
61:02 Chemistry
60:55 Plate Barding Armor
60:16 Sappers
61:27 Banking
61:36 Conscription
62:41 Devotion
63:08 Illumination
63:19 Theocracy
62:56 Redemption
62:33 Cavalier
63:33 Man-at-Arms
65:16 Blast Furnace
64:17 Bracer
64:49 Ring Archer Armor
65:02 Parthian Tactics
65:29 Long Swordsman
68:38 Ballistics
68:11 Heated Shot
68:42 Masonry
69:38 Two-Handed Swordsman
93:49 Architecture
93:27 Siege Engineers
93:19 Murder Holes
94:01 Keep
ӄǟʋǟ
10:43 Feudal Age
12:35 Double-Bit Axe
18:18 Horse Collar
23:37 Castle Age
23:25 Stone Mining
23:25 Gold Mining
27:20 Heavy Plow
27:58 Gold Shaft Mining
30:53 Kamandaran
30:46 Crossbowman
31:31 Thumb Ring
31:17 Loom
36:17 Imperial Age
38:41 Loom
39:32 Wheelbarrow
38:42 Town Watch
39:32 Crop Rotation
39:42 Stone Shaft Mining
40:11 Chemistry
39:32 Ballistics
41:21 Caravan
41:52 Coinage
41:32 Guilds
51:02 Elite War Elephant
51:53 Citadels
89:24 Hand Cart
89:09 Town Patrol
Varg_1960
2:31 Loom
13:13 Feudal Age
14:34 Wheelbarrow
14:58 Horse Collar
15:10 Double-Bit Axe
16:24 Stone Mining
16:26 Gold Mining
23:05 Castle Age
21:05 Fletching
22:02 Forging
24:32 Thumb Ring
23:50 Crossbowman
24:40 Scale Mail Armor
26:14 Town Watch
29:17 Bow Saw
32:07 Hand Cart
35:42 Heavy Plow
35:29 Elite Skirmisher
39:58 Bodkin Arrow
40:20 Chain Mail Armor
40:08 Padded Archer Armor
40:16 Scale Barding Armor
41:24 Gold Shaft Mining
43:29 Coiled Serpent Array
43:17 Pikeman
58:33 Squires
67:34 Imperial Age
66:18 Leather Archer Armor
67:51 Halberdier
74:26 Town Patrol
75:11 Capped Ram
79:09 Plate Mail Armor
78:43 Bracer
78:14 Arbalester
82:32 Ring Archer Armor
90:08 Chain Barding Armor
89:53 Siege Ram
117:50 Man-at-Arms
118:18 Gambesons
Ambwind
0:56 Loom
13:10 Feudal Age
14:55 Double-Bit Axe
17:16 Wheelbarrow
17:15 Horse Collar
24:09 Castle Age
22:26 Forging
22:17 Scale Mail Armor
23:30 Man-at-Arms
24:51 Town Watch
26:12 Iron Casting
25:53 Chain Mail Armor
25:06 Long Swordsman
25:47 Squires
27:22 Hand Cart
29:18 Heavy Plow
29:32 Bow Saw
31:16 Town Patrol
37:27 Caravan
37:45 Gold Mining
37:46 Stone Mining
42:51 Imperial Age
44:10 Crop Rotation
44:44 Two-Man Saw
43:58 Guilds
44:51 Blast Furnace
43:17 Two-Handed Swordsman
43:35 Elite Huskarl
45:15 Conscription
45:07 Heavy Scorpion
46:30 Champion
50:01 Fletching
50:11 Padded Archer Armor
51:45 Perfusion
53:30 Bodkin Arrow
53:51 Leather Archer Armor
54:23 Ballistics
55:04 Chemistry
54:54 Pikeman
55:46 Anarchy
55:14 Halberdier
63:38 Ring Archer Armor
63:09 Bracer
76:17 Elite Skirmisher
jordanm708
17:48 Feudal Age
18:30 Gold Mining
18:35 Stone Mining
19:25 Wheelbarrow
18:44 Double-Bit Axe
21:01 Scale Barding Armor
21:08 Forging
26:54 Castle Age
28:37 Iron Casting
28:23 Chain Barding Armor
28:24 Hand Cart
29:14 Town Watch
29:44 Caravan
35:55 Imperial Age
33:39 Murder Holes
34:30 Bow Saw
35:03 Gold Shaft Mining
34:40 Husbandry
37:19 Cavalier
39:29 Town Patrol
40:22 Paladin
59:58 Plate Barding Armor
60:57 Blast Furnace
59:59 Padded Archer Armor
59:50 Fletching
70:31 Leather Archer Armor
89:27 Loom
109:15 Crossbowman
Vatekushé420_ૐ
12:08 Feudal Age
13:29 Double-Bit Axe
15:45 Wheelbarrow
19:37 Castle Age
19:44 Horse Collar
20:35 Forging
21:34 Bow Saw
23:39 Fervor
27:24 Hand Cart
26:55 Town Watch
29:45 Stone Mining
29:47 Gold Mining
30:27 Fletching
30:40 Padded Archer Armor
34:19 Town Patrol
35:36 Bodkin Arrow
35:57 Leather Archer Armor
36:18 Iron Casting
35:51 Caravan
36:42 Scale Barding Armor
39:29 Gold Shaft Mining
40:33 Husbandry
40:44 Bloodlines
41:55 Chain Barding Armor
42:03 Silk Armor
44:44 Imperial Age
42:01 Loom
46:52 Heavy Cavalry Archer
48:39 Blast Furnace
47:39 Bracer
48:10 Ring Archer Armor
48:15 Plate Barding Armor
50:27 Ballistics
51:08 Chemistry
50:15 Siege Engineers
49:51 Treadmill Crane
50:22 Masonry
50:05 Heated Shot
50:49 Capped Ram
52:40 Siege Ram
55:15 Timurid Siegecraft
55:29 Conscription
66:54 Heavy Scorpion
99:38 Heavy Scorpion
108:51 Onager
CoWarDly DoG
0:52 Loom
10:38 Feudal Age
13:16 Double-Bit Axe
15:26 Horse Collar
16:04 Stone Mining
16:07 Gold Mining
90:00 Castle Age
91:53 Wheelbarrow
91:24 Fletching
91:35 Padded Archer Armor
91:53 Caravan
95:26 Imperial Age
113:41 Elite Longbowman
115:42 Bodkin Arrow
116:03 Leather Archer Armor
117:30 Conscription
117:48 Yeomen
119:22 Bracer
119:52 Ring Archer Armor
Brown Sugar
11:23 Feudal Age
15:05 Castle Age
13:18 Horse Collar
13:58 Double-Bit Axe
15:51 Heavy Plow
16:04 Bow Saw
22:09 Stone Mining
23:07 Gold Mining
23:59 Wheelbarrow
25:17 Gold Shaft Mining
24:55 Forging
24:46 Scale Mail Armor
25:43 Loom
27:12 Town Watch
28:05 Iron Casting
27:45 Chain Mail Armor
27:51 Chain Mail Armor
27:19 Treadmill Crane
28:14 Hand Cart
30:12 Masonry
29:57 Murder Holes
30:13 Fortified Wall
30:24 Ballistics
34:38 Imperial Age
34:27 Coinage
33:58 Caravan
36:13 Banking
36:45 Two-Man Saw
36:47 Blast Furnace
36:17 Plate Mail Armor
36:11 Kataparuto
36:12 Conscription
36:42 Hoardings
36:15 Siege Engineers
37:11 Chemistry
36:38 Elite Samurai
39:33 Fletching
39:37 Guard Tower
39:33 Arrowslits
39:50 Yasama
41:01 Keep
41:12 Squires
40:57 Arson
41:11 Bodkin Arrow
43:33 Bracer
43:33 Padded Archer Armor
43:42 Scale Barding Armor
50:11 Leather Archer Armor
50:16 Chain Barding Armor
51:42 Ring Archer Armor
51:14 Town Patrol
125:47 Spies/Treason
Connection lost

Rejoining the realm…

Still unreachable

The connection could not be restored.

Session expired

The server has moved on; the page needs a fresh start.